 Dungeon Crawl Stone Soup version 0.20.1-1-g8b1a95d (webtiles) character file.

518 equalderp2856 the Chopper (level 7, -16/61 HPs)
             Began as a Minotaur Fighter on July 29, 2017.
             Demolished by Menkaure (17 damage)
             ... on level 4 of the Dungeon.
             The game lasted 00:07:30 (3078 turns).

equalderp2856 the Chopper (Minotaur Fighter)        Turns: 3078, Time: 00:07:30

Health: -16/61     AC: 12    Str: 21    XL:     7   Next: 1%
Magic:  6/6        EV:  5    Int:  5    God:
Gold:   234        SH: 10    Dex: 11    Spells: 6/6 levels left

rFire    . . .     SeeInvis .   a - +0 war axe
rCold    . . .     Gourm    .   c - +0 shield
rNeg     . . .     Faith    .   z - +0 plate armour
rPois    .         Spirit   .   (helmet restricted)
rElec    .         Reflect  .   (no cloak)
rCorr    .         Harm     .   (no gloves)
MR       .....                  w - -1 pair of boots (curse)
Stlth    ..........             (no amulet)
Regen    0.2/turn               (no ring)
MPRegen  0.1/turn               (no ring)

@: no status effects
A: retaliatory headbutt, horns 2
a: no special abilities


You were on level 4 of the Dungeon.
You were hungry.

You visited 1 branch of the dungeon, and saw 4 of its levels.
You also visited: Sewer.

You collected 234 gold pieces.

Inventory:

Hand Weapons
 a - a +0 war axe (weapon)
 j - a cursed -2 short sword
 x - a +0 hunting sling
 y - a +0 great sword
 A - a +2 dagger of electrocution
 B - a +2 dagger of speed
 F - a +0 trident
 G - a +0 scythe
Missiles
 h - 31 poisoned needles
 l - 31 arrows
 m - 142 stones (quivered)
 n - 26 bolts
Armour
 b - a +0 scale mail
 c - a +0 shield (worn)
 o - a +0 chain mail
 w - a cursed -1 pair of boots (worn)
 z - a +0 plate armour (worn)
 C - a +0 animal skin
 D - a +2 helmet
Jewellery
 H - a +4 ring of dexterity {unknown}
 J - a +1 ring of evasion {unknown}
Scrolls
 e - a scroll of enchant armour {unknown}
 i - 4 scrolls of teleportation {unknown}
 p - 3 scrolls of recharging {unknown}
 s - 3 scrolls of magic mapping {unknown}
 v - 3 scrolls of remove curse {unknown}
 E - a scroll of immolation {unknown}
 K - a scroll of identify {unknown}
Potions
 d - a potion of might
 q - 2 potions of brilliance {unknown}
 r - 3 potions of flight
 t - 3 potions of curing {unknown}
 u - a potion of lignification
 I - a potion of haste {unknown}
Comestibles
 f - 3 bread rations
 g - 9 fruits
 k - 4 meat rations


   Skills:
 + Level 5.1 Fighting
 + Level 6.1 Axes
 + Level 5.0 Armour
 + Level 1.3 Dodging
 + Level 0.1 Stealth
 + Level 5.4 Shields


You had 6 spell levels left.
You didn't know any spells.

Dungeon Overview and Level Annotations

Branches:
Dungeon (4/15)
 Temple: D:4-7

Altars:
Makhleb
Xom
Zin
The Shining One

Annotations:
D:4 Menkaure


Innate Abilities, Weirdness & Mutations

You reflexively headbutt those who attack you in melee.
You have a pair of horns on your head.


Message History

The hound barks!
Menkaure calls on the powers of darkness!
Your body is wracked with pain!
* * * LOW HITPOINT WARNING * * *
The hound convulses!
Okay, then.
Okay, then.
You hit Menkaure.
You headbutt Menkaure, but do no damage.
Menkaure is almost destroyed.
Menkaure hits you but does no damage.
You hit Menkaure but do no damage.
Menkaure is almost destroyed.
You block Menkaure's attack. Menkaure hits you.
* * * LOW HITPOINT WARNING * * *
Unknown command.
Your plate armour prevents you from hitting Menkaure.
Menkaure is almost destroyed.
Menkaure hits you!
You die...

#.... #.# ..... ##..# ##.#.
### ...# # .# .... ##..#
##.### ..... ##.... #.....
#....###>..# .# ..#
###....#..# .# .##
.......hM.####..## .#
#......@.##......### .#
##...#....#..##...... .##
....%.......##..#..#. ..####
##..###.............. #.#..
.##....................
#.#.##.##.........#..........
#.#.##.##.......##.........?.
#...##.....####..#..........#
##..#...#.####..............#


You could see Menkaure and a hound.

Vanquished Creatures
  Sigmund (D:3)
  A crocodile (Sewer)
  An orc wizard (D:3)
  A centaur skeleton (D:4)
  Natasha (twice) (D:4)
  A worker ant (D:4)
  Robin (D:3)
  2 adders (D:3)
  A river rat (D:3)
  An ooze (D:2)
  A worm (D:3)
  3 dart slugs
  6 leopard geckos
  8 orcs
  7 bats
  7 giant cockroaches
  12 goblins
  9 hobgoblins
  2 jackals (Sewer)
  2 quokkas
  2 ball pythons
  10 frilled lizards
  10 kobolds
  9 rats
100 creatures vanquished.

Notes
Turn   | Place    | Note
-------+----------+-------------------------------------------
     0 | D:1      | equalderp2856 the Minotaur Fighter began the quest for the Orb.
     0 | D:1      | Reached XP level 1. HP: 19/19 MP: 0/0
   147 | D:1      | Reached XP level 2. HP: 21/27 MP: 1/1
   782 | D:2      | Reached XP level 3. HP: 33/34 MP: 2/2
  1528 | D:3      | Reached skill level 3 in Axes
  1630 | D:3      | Reached XP level 4. HP: 40/41 MP: 3/3
  1725 | D:3      | Found a burning altar of Makhleb.
  1766 | D:3      | Found a glowing golden altar of the Shining One.
  1789 | D:3      | Found a glowing silver altar of Zin.
  1789 | D:3      | Noticed an angel
  1790 | D:3      | Found a shimmering altar of Xom.
  1845 | D:3      | Reached skill level 1 in Dodging
  1913 | D:3      | Found a glowing drain.
  1917 | Sewer    | Entered a sewer
  1929 | Sewer    | Reached XP level 5. HP: 47/47 MP: 4/4
  1931 | Sewer    | Reached skill level 4 in Axes
  1985 | Sewer    | Noticed a crocodile
  2009 | Sewer    | Killed a crocodile
  2360 | D:3      | Noticed Sigmund
  2398 | D:3      | Killed Sigmund
  2398 | D:3      | Reached skill level 5 in Fighting
  2398 | D:3      | Reached skill level 5 in Axes
  2398 | D:3      | Reached skill level 5 in Shields
  2398 | D:3      | Reached XP level 6. HP: 40/56 MP: 5/5
  2636 | D:3      | Noticed Robin
  2671 | D:3      | Killed Robin
  2847 | D:4      | Noticed Natasha
  2852 | D:4      | Killed Natasha
  2888 | D:4      | Reached skill level 5 in Armour
  3016 | D:4      | Noticed Natasha
  3024 | D:4      | Killed Natasha
  3024 | D:4      | Reached skill level 6 in Axes
  3024 | D:4      | Reached XP level 7. HP: 51/61 MP: 6/6
  3066 | D:4      | Noticed Menkaure
  3077 | D:4      | HP: 1/61 [Menkaure (6)]
  3078 | D:4      | Demolished by Menkaure

Skill      XL: |  1  2  3  4  5  6 |
---------------+-------------------+-----
Fighting       | 4 5 |  5.1
Armour         | 4 5 |  5.0
Shields        | 4 5 |  5.4
Axes           | 3 5 6 |  6.1
Dodging        | 1 |  1.3
Stealth        | |  0.1

Action                   |  1- 3 |  4- 6 |  7- 9 || total
-------------------------+-------+-------+-------++-------
Melee: War axe           |   124 |   145 |     9 ||   278
       Headbutt          |    13 |    22 |     4 ||    39
  Use: Potion            |       |     4 |       ||     4
  Eat: Chunk             |     3 |     4 |       ||     7
Armor: Scale mail        |    13 |       |       ||    13
       Chain mail        |    55 |    58 |       ||   113
       Skin              |       |     5 |       ||     5
       Plate armour      |       |    16 |     1 ||    17
Dodge: Dodged            |    34 |    30 |       ||    64
Block: Shield            |    63 |    81 |     3 ||   147
